 Dungeon Crawl Stone Soup version 0.14-a0-1974-gdb6e453 (webtiles) character file.

154 Kae the Cudgeler (level 4, 0/58 HPs)
             Began as a Minotaur Fighter on Jan 18, 2014.
             Succumbed to a gnoll's poison
             ... on Level 3 of the Dungeon.
             The game lasted 00:03:09 (1831 turns).

Kae the Cudgeler (Minotaur Fighter)                 Turns: 1831, Time: 00:03:09

HP   0/58        AC 22     Str 21      XL: 4   Next: 57%
MP   2/2         EV  1     Int  2 (5)  God:
Gold 47          SH 15     Dex 10      Spells:  0 memorised,  3 levels left

rFire  + + .     SeeInvis .     a - +0 mace
rCold  + . .     Clarity  .     b - melded +0 scale mail
rNeg   + + +     Conserve .     c - +0 shield
rPois  +         rCorr    .     (helmet restricted)
rElec  +         rRot     .     (cloak currently unavailable)
SustAb . .       Spirit   .     (gloves currently unavailable)
rMut   .         Warding  .     (boots currently unavailable)
Saprov . . .     NoTele   +     (no amulet)
MR     .....                    g - ring of protection from fire
                                o - ring of positive energy

@: tree-form, quite poisoned, not resistant to hostile enchantments, unstealthy
A: (retaliatory headbutt), (hooves 0), (horns 0), fast metabolism 2, wild magic
1
a: no special abilities


You were on level 3 of the Dungeon.
You were not hungry.
You were an animated tree.
You visited 1 branch of the dungeon, and saw 3 of its levels.

You collected 47 gold pieces.

Inventory:

Hand weapons
 a - a +0,+0 mace (weapon)
Armour
 b - a +0 scale mail (melded)
 c - a +0 shield (worn)
Comestibles
 d - 2 bread rations
Scrolls
 f - a scroll of enchant armour {unknown}
 h - a scroll of curse weapon {unknown}
 i - 3 scrolls of identify
 j - a scroll of fear {unknown}
 k - a scroll of fog {unknown}
 m - a scroll of curse jewellery {unknown}
 q - a scroll of teleportation {unknown}
Jewellery
 g - a ring of protection from fire (right branch)
 o - a ring of positive energy (left branch)
Potions
 n - a potion of resistance
 r - a potion of invisibility {unknown}
Books
 e - a book of Conjurations

   Spells                             Type                      Level
   Magic Dart                         Conjuration                  1
   Searing Ray                        Conjuration                  2
   Dazzling Spray                     Conjuration/Hexes            3
   Iskenderun's Mystic Blast          Conjuration                  4
   Iskenderun's Battlesphere          Conjuration/Charms           4
   Fulminant Prism                    Conjuration/Hexes            5


   Skills:
 - Level 3.6 Fighting
 + Level 5.9 Maces & Flails
 - Level 3.6 Armour
 - Level 3.6 Shields


You had 3 spell levels left.
You didn't know any spells.

Dungeon Overview and Level Annotations

Branches:
Dungeon (3/16)

Altars:
Dithmengos


Innate Abilities, Weirdness & Mutations

((You reflexively headbutt those who attack you in melee.))*
((You have a pair of horns on your head.))*
((You have large cloven feet.))*
You have a very fast metabolism.
Your spells are a little harder to cast, but a little more powerful.


Message History

* * * LOW HITPOINT WARNING * * *
You feel sick. You block the gnoll's attack. The gnoll barely misses you.
You block the gnoll's attack.
Drink which item? (? for menu, Esc to quit)
You turn into an animated tree.
Your +0 scale mail melds into your body.
Your roots penetrate the ground.
It was a potion of lignification.
* * * LOW HITPOINT WARNING * * *
You feel sick. You block the gnoll's attack.
The gnoll hits you but does no damage.
It'd take too long for a potion to reach your roots.
Unknown command.
Unknown command.
It'd take too long for a potion to reach your roots.
You hit the gnoll but do no damage.
* * * LOW HITPOINT WARNING * * *
You feel sick. The gnoll hits you but does no damage.
The gnoll hits you but does no damage. You block the gnoll's attack.
You barely miss the gnoll.
You die...

....##............
.................%.
....................
...................
......?.%........#
.................#
.........g......# ######
...........g....#
#....#####
..........g♣....#
#........#
...#####!......###........#
..........................
...?....................
..#...............#.##..
#.....###.....#.#.##..
#.....# #.....#.#.....
.....# #.....#.#..... ....#
#.....#.#.#...


You could see 3 gnolls.

Vanquished Creatures
  Ijyb (D:2)
  Terence (D:2)
  3 adders
  A worm (D:3)
  A giant gecko (D:3)
  An ooze (D:2)
  An orc (D:3)
  2 bats
  6 goblins
  9 hobgoblins
  7 kobolds
  A ball python (D:1)
  3 giant cockroaches
  2 giant newts
  3 rats
42 creatures vanquished.

Notes
Turn   | Place    | Note
--------------------------------------------------------------
     0 | D:1      | Kae, the Minotaur Fighter, began the quest for the Orb.
     0 | D:1      | Reached XP level 1. HP: 19/19 MP: 1/1
   115 | D:1      | Reached XP level 2. HP: 17/26 MP: 1/1
   686 | D:2      | Reached skill level 4 in Maces & Flails
   688 | D:2      | Reached XP level 3. HP: 23/31 MP: 2/2
   779 | D:2      | Noticed Terence
   787 | D:2      | Gained mutation: Your spells are a little harder to cast, but a little more powerful. [potion of mutation]
   787 | D:2      | Gained mutation: You have a fast metabolism. [potion of mutation]
   787 | D:2      | Gained mutation: You have a very fast metabolism. [potion of mutation]
   810 | D:2      | Killed Terence
   986 | D:2      | Reached skill level 5 in Maces & Flails
  1174 | D:2      | Found a shadowy altar of Dithmengos.
  1286 | D:2      | Noticed Ijyb
  1299 | D:2      | Killed Ijyb
  1299 | D:2      | Reached XP level 4. HP: 36/39 MP: 2/2
  1828 | D:3      | Gained mutation: You have large cloven feet. [potion of beneficial mutation]
  1829 | D:3      | HP: 2/58 [poisoned by a gnoll]
  1831 | D:3      | Succumbed to a gnoll's poison

Action                   |  1- 3 |  4- 6 || total
-------------------------+-------+-------++-------
Melee: Mace              |   105 |    34 ||   139
  Use: Scroll            |     2 |       ||     2
       Potion            |     7 |     3 ||    10
